 Dungeon Crawl Stone Soup version 0.28.0-47-ge53b351184 (webtiles) character file.

Game seed: 15823646403137588526

180 Bearnado the Poker (level 5, -2/47 HPs)
             Began as a Minotaur Berserker on May 3, 2022.
             Was a Believer of Trog.
             Slain by an iguana (7 damage)
             ... on level 4 of the Dungeon.
             The game lasted 00:05:19 (2703 turns).

Bearnado the Poker (Minotaur Berserker)             Turns: 2703, Time: 00:05:20

Health: -2/47      AC: 10    Str: 23    XL:     5   Next: 33%
Magic:  4/4        EV:  8    Int:  4    God:    Trog [**....]
Gold:   170        SH:  0    Dex: 10    Spells: 4/4 levels left

rFire   . . .      SeeInvis .   q - +0 hand axe
rCold   . . .      Faith    .   (no shield)
rNeg    . . .      Spirit   .   j - +0 chain mail
rPois   .          Reflect  .   (helmet restricted)
rElec   .          Harm     .   (no cloak)
rCorr   .          Rampage  .   (no gloves)
Will    ++...                   d - +0 pair of boots
Stlth   ..........              (no amulet)
HPRegen 1.15/turn               (no ring)
MPRegen 0.09/turn               (no ring)

@: strong-willed, on berserk cooldown, regenerating, slowed, very slow
A: horns 2, retaliatory headbutt
a: Renounce Religion, Berserk, Trog's Hand


You were on level 4 of the Dungeon.
You worshipped Trog.
Trog was pleased with you.
You visited 1 branch of the dungeon, and saw 4 of its levels.

You collected 170 gold pieces.

Inventory:

Hand Weapons
 a - a +0 spear
 p - a +0 hunting sling
 q - a +0 hand axe (weapon)
Missiles
 i - 59 bolts
 l - 17 sling bullets
 n - 40 stones (quivered)
 s - 7 boomerangs
Armour
 b - a +0 animal skin
 d - a +0 pair of boots (worn)
 j - a +0 chain mail (worn)
Wands
 u - a wand of acid (12)
Scrolls
 c - 2 scrolls of amnesia {unknown}
 e - 2 scrolls of teleportation {unknown}
 h - a scroll of enchant armour {unknown}
 o - a scroll of identify {unknown}
Potions
 f - a potion of curing {unknown}
 g - a potion of lignification {unknown}
 k - a potion of haste {unknown}
 m - a potion of mutation {unknown}
 r - a potion of might {unknown}
 t - a potion of brilliance {unknown}


   Skills:
 + Level 4.7 Fighting
 + Level 2.0(3.9) Axes
 + Level 5.2(5.4) Polearms
 + Level 3.3 Armour
 + Level 2.7 Dodging
 + Level 0.6 Stealth


You had 4 spell levels left.
You didn't know any spells.
Your spell library was empty.

Dungeon Overview and Level Annotations

Branches:
Dungeon (4/15)
 Temple: D:4-7

Altars:
Elyvilon
Kikubaaqudgha
Makhleb
Xom


Innate Abilities, Weirdness & Mutations

You have a pair of horns on your head.
You reflexively headbutt those who attack you in melee.


Message History

The ufetubus hits you but does no damage.
The iguana barely misses you. The ufetubus hits you. x2
The iguana hisses menacingly.
The iguana bites you.
The ufetubus hits you but does no damage. x2
Your skin crawls.
You feel strong-willed.
The ufetubus hits you but does no damage. x2
The iguana bites you! The ufetubus hits you.
* * * LOW HITPOINT WARNING * * *
The ufetubus hits you but does no damage.
You are too injured to fight recklessly!
You hit the iguana.
The iguana is heavily wounded.
You hit the ufetubus.
You kill the ufetubus!
Trog accepts your kill. The iguana bites you. x2
* * * LOW HITPOINT WARNING * * *
The water moccasin skeleton bites you.
* * * LOW HITPOINT WARNING * * *
Your base Axes skill increases to level 2!
You hit the iguana.
The iguana is heavily wounded.
You hit the water moccasin skeleton.
The water moccasin skeleton closely misses you.
The iguana barely misses you.
The water moccasin skeleton bites you but does no damage.
The iguana bites you!
* * * LOW HITPOINT WARNING * * *
You hit the iguana but do no damage.
The iguana is heavily wounded.
You slash the water moccasin skeleton! The water moccasin skeleton bites you.
* * * LOW HITPOINT WARNING * * *
The iguana bites you but does no damage.
The water moccasin skeleton barely misses you.
You furiously retaliate!
You headbutt the water moccasin skeleton!
The iguana bites you!
You die...

########.##.....#.....#..
................#.###.#..
#######.####....#.....#.#
#.# #....'.._..†.#
##.####....#.....###
##?.........#.###.#
.######...##.#..###. ..#
.......l###Z.#.## # ##+#
..#####.##@#.#.# #(#l##.#
#.)## .# #...## ## ##..#
#..# ...# ..#.# ..##.#


You could see an iguana and a water moccasin skeleton.

Vanquished Creatures
  A crimson imp (D:3)
  Robin (D:4)
  5 adders
  An ufetubus (D:4)
  2 worms (D:3)
  A dart slug (D:4)
  An orc (D:4)
  7 ball pythons
  6 endoplasms
  2 giant cockroaches (D:2)
  17 goblins
  7 hobgoblins
  2 quokkas
  2 bats (D:3)
  6 frilled lizards
  5 kobolds
  8 rats
74 creatures vanquished.

Notes
Turn   | Place    | Note
-------+----------+-------------------------------------------
     0 | D:1      | Bearnado the Minotaur Berserker began the quest for the
                  | Orb.
     0 | D:1      | Reached XP level 1. HP: 19/19 MP: 0/0
    51 | D:1      | Found a faded altar of an unknown god.
   192 | D:1      | Reached skill level 4 in Polearms
   197 | D:1      | Reached XP level 2. HP: 27/27 MP: 1/1
   988 | D:2      | Reached XP level 3. HP: 33/33 MP: 2/2
  1103 | D:2      | Reached ** piety under Trog
  1653 | D:3      | Reached XP level 4. HP: 41/41 MP: 3/3
  1753 | D:3      | Found a faded altar of an unknown god.
  1763 | D:3      | Found an ancient bone altar of Kikubaaqudgha.
  1809 | D:3      | Found a shimmering altar of Xom.
  1828 | D:3      | Found a burning altar of Makhleb.
  1987 | D:3      | Reached skill level 5 in Polearms
  2054 | D:3      | Reached skill level 1 in Axes
  2120 | D:3      | Reached XP level 5. HP: 25/47 MP: 4/4
  2623 | D:4      | Found a white marble altar of Elyvilon.
  2659 | D:4      | Noticed Robin
  2682 | D:4      | Killed Robin
  2703 | D:4      | Slain by an iguana

Illustrated notes

Levels and vault maps discovered:
D:1:      ncdulo_watergridlock, layout_loops_ring,
          ebering_ecumenical_altar_hall, chequers_serial_rivers_small_b
D:2:      minmay_angry_zag, layout_basic, grunt_decor_arrowhead,
          grunt_ministairs_15, feat_on_display
D:3:      layout_loops_ring, grunt_temple_overflow_champion_of_chaos,
          nicolae_overflow_ecumenical_swirl
D:4:      layout_rooms, nicolae_qazlal_eye_of_the_storm,
          mainiacjoe_overflow_six_doors_small, dancing_weapons_uskayaw,
          minmay_cut_off, uniq_eustachio, uniq_robin

Skill      XL: |  1  2  3  4  5 |
---------------+----------------+-----
Polearms       | 4 5 |  5.2
Fighting       | 4 |  4.7
Armour         | 3 |  3.3
Axes           | 1 2 |  2.0
Dodging        | |  2.7
Stealth        | |  0.6

Action                   |  1- 3 |  4- 6 || total
-------------------------+-------+-------++-------
Melee: Spear             |   104 |       ||   104
       Headbutt          |    13 |     7 ||    20
       Punch             |     1 |     1 ||     2
       Hand axe          |     4 |    78 ||    82
Invok: Berserk           |       |     2 ||     2
       Trog's Hand       |       |     1 ||     1
 Stab: Sleeping          |     1 |       ||     1
Armor: Animal skin       |     3 |       ||     3
       Chain mail        |    19 |    65 ||    84
Dodge: Dodged            |    26 |    43 ||    69
